 Dungeon Crawl Stone Soup version 0.19.5 (webtiles) character file.

9666 greprep the Unseen (level 11, -7/55 HPs)
             Began as a Spriggan Enchanter on May 7, 2017.
             Was a Follower of Ashenzari.
             Killed from afar by a frost giant (49 damage)
             ... with a bolt of cold
             ... on level 11 of the Dungeon on May 8, 2017.
             The game lasted 00:45:24 (13631 turns).

greprep the Unseen (Spriggan Enchanter)            Turns: 13631, Time: 00:45:25

Health: -7/55      AC: 12    Str:  4    XL:     11   Next: 26%
Magic:  16/22      EV: 23    Int: 17    God:    Ashenzari [*.....]
Gold:   576        SH:  7    Dex: 20    Spells: 6 memorised, 11 levels left

rFire  . . .     SeeInvis +     f - +2 dagger (protect) (curse)
rCold  . . .     Gourm    .     l - +2 robe {MR+}
rNeg   . . .     Faith    .     q - +1 buckler
rPois  .         Spirit   .     F - +0 hat {SInv}
rElec  .         Reflect  .     v - +0 cloak
rCorr  .         Harm     .     (gloves unavailable)
MR     ++...                    (boots unavailable)
Stlth  ++++++....               (no amulet)
                                (no ring)
                                n - +3 ring of evasion (curse)

@: protection aura, very quick
A: unfitting armour, see invisible, herbivore 3, speed 3, slow metabolism 2
a: Curse Item, Scrying, Renounce Religion


You were on level 11 of the Dungeon.
You worshipped Ashenzari.
Ashenzari was aware of your devotion.
You were not hungry.

You visited 2 branches of the dungeon, and saw 12 of its levels.

You collected 576 gold pieces.

Inventory:

Hand Weapons
 f - a cursed +2 dagger of protection (weapon)
 j - the cursed +0 dagger of Xom {venom, Int+4}
   (You took it off an orc on level 9 of the Dungeon)

   It poisons the flesh of those it strikes.
   It affects your intelligence (+4).
   It has a curse placed upon it.
Armour
 l - a +2 robe of magic resistance (worn)
 q - a +1 buckler (worn)
 v - a +0 cloak (worn)
 F - a +0 hat of see invisible (worn)
Jewellery
 n - a cursed +3 ring of evasion (left hand)
Wands
 b - a wand of random effects (9/48)
 e - a wand of slowing (25/48)
 w - a wand of confusion (33/48)
 x - a wand of iceblast (12/15)
 D - a wand of acid (9/15)
 G - a wand of heal wounds (7/9)
Scrolls
 a - a scroll of holy word {unknown}
 g - a scroll of recharging
 m - 3 scrolls of magic mapping
 p - 2 scrolls of fear
 t - a scroll of amnesia {unknown}
 u - a scroll of teleportation {unknown}
 y - a scroll of immolation {unknown}
Potions
 h - a potion of degeneration {unknown}
 i - 2 potions of berserk rage
 k - a potion of brilliance
 o - a potion of cancellation
 s - 2 potions of invisibility
 z - 3 potions of flight
 A - a potion of magic
 B - 2 potions of curing
Books
 c - a book of Maledictions

   Spells                             Type                      Level
   a - Corona                         Hexes                        1
   b - Ensorcelled Hibernation        Hexes/Ice                    2
   c - Confuse                        Hexes                        3
   d - Tukima's Dance                 Hexes                        3
   e - Dazzling Spray                 Conjuration/Hexes            3
 E - a book of Minor Magic

   Spells                             Type                      Level
   a - Magic Dart                     Conjuration                  1
   b - Blink                          Translocation                2
   c - Call Imp                       Summoning                    2
   d - Repel Missiles                 Charms/Air                   2
   e - Slow                           Hexes                        2
   f - Conjure Flame                  Conjuration/Fire             3
   g - Mephitic Cloud                 Conjuration/Poison/Air       3
Comestibles
 d - 9 bread rations
 r - 2 fruits
 C - a slice of pizza


   Skills:
 * Level 5.0 Fighting
 * Level 6.6 Short Blades
 * Level 4.7 Armour
 + Level 4.7 Dodging
 * Level 15.5 Stealth
 + Level 1.3 Shields
 + Level 7.1 Spellcasting
 + Level 7.2 Hexes
 + Level 3.7 Ice Magic


You had 11 spell levels left.
You knew the following spells:

 Your Spells              Type           Power        Failure   Level  Hunger
a - Corona                Hex            ####...      1%          1    None
b - Ensorcelled Hibernat  Hex/Ice        ###...       2%          2    None
c - Confuse               Hex            ####....     2%          3    ##.....
d - Tukima's Dance        Hex            ####....     2%          3    ##.....
e - Blink                 Tloc           N/A          30%         2    None
f - Call Imp              Summ           #.......     30%         2    None


Dungeon Overview and Level Annotations

Branches:
Dungeon (11/15)            Temple (1/1) D:4            Lair (0/6) D:8
    Orc (0/2) D:9

Altars:
Ashenzari
Cheibriados
Dithmenos
Elyvilon
Fedhas
Gozag
Hepliaklqana
Kikubaaqudgha
Makhleb
Nemelex Xobeh
Okawaru
Qazlal
Ru
Sif Muna
Trog
Uskayaw
Vehumet
Xom
Yredelemnul
Zin
The Shining One

Shops:
D:8 %


Innate Abilities, Weirdness & Mutations

You are very small and have problems with some larger weapons.
You are too small for most types of armour.
You have supernaturally acute eyesight. (SInv)
You are a herbivore.
You cover ground extremely quickly.
You need consume almost no food.


Message History

You see here 25 arrows.
You hit the frost giant.
Your weapon exudes an aura of protection.
The frost giant is moderately wounded.
You hit the frost giant but do no damage.
The frost giant is moderately wounded.
You hit the frost giant but do no damage.
The frost giant is moderately wounded.
The frost giant seems less confused.
The frost giant hits you!
You see here 25 arrows.
Casting: Confuse
Confirm with . or Enter, or press ? or * to list all spells.
Aiming: Confuse
Press: ? - help, Shift-Dir - straight line, f/p - frost giant
Aim: a frost giant (moderately wounded, chance to defeat MR: 13%)
The frost giant resists with almost no effort.
The frost giant casts a spell at you. The bolt of cold hits you!
Ouch! That really hurt!
You die...

# ###############################
#
#............................>###
#..###.#####....@(C.)..####.#.#.#
#..# #.# #.#######...# #.#)#)#
#..# #.# #.# #...# #.##.#. #..#
#.# #.# #...# #.####. #..# #.#
#.# #)..# #.# #. #..# #.# #.#
#...# #.# ## #..# #.# #.# #...#
#.# #..# #.# #.# #.<.# #.# #..#
#.# #.# #<..# ###


You could see a frost giant.

Vanquished Creatures
  An ettin (D:11)
  A hydra (D:11)
  An elephant (D:8)
  The ghost of Trampli the Cudgeler, a novice GrFi (D:4)
  3 hippogriffs
  6 yaks (D:11)
  2 wyverns (D:9)
  A vampire (D:9)
  A dancing weapon (D:11)
  A mottled dragon (D:11)
  4 sky beasts
  7 orc warriors
  3 ice beasts
  A hornet zombie (D:8)
  8 ogres
  2 phantoms
  A centaur (D:6)
  A crocodile (D:8)
  7 bullfrogs
  A water moccasin zombie (D:9)
  A scorpion (D:8)
  5 killer bees
  3 wights (D:7)
  5 howler monkeys
  9 crimson imps
  3 jellies
  A quasit (D:8)
  3 centaur skeletons
  4 hounds
  12 orc priests
  5 orc wizards
  Jessica (D:2)
  Ijyb (D:2)
  8 iguanas
  6 worker ants
  3 hound zombies
  A worker ant zombie (D:8)
  7 gnolls
  7 adders
  A howler monkey skeleton (D:8)
  2 shadow imps
  An ooze (D:1)
  An adder skeleton (D:6)
  An adder zombie (D:5)
  5 worms
  A dart slug (D:2)
  6 leopard geckos
  56 orcs
  6 bats
  3 giant cockroaches
  7 goblins
  4 hobgoblins
  16 jackals
  7 quokkas
  2 ball pythons
  2 frilled lizards
  3 kobolds
  A leopard gecko skeleton (D:4)
  6 rats
269 creatures vanquished.

Vanquished Creatures (others)
  A dancing weapon (D:7)
  3 fungi (D:8)
  A plant (D:8)
5 creatures vanquished.

Grand Total: 274 creatures vanquished

Notes
Turn   | Place    | Note
-------+----------+-------------------------------------------
     0 | D:1      | greprep the Spriggan Enchanter began the quest for the Orb.
     0 | D:1      | Reached XP level 1. HP: 9/9 MP: 5/5
   200 | D:1      | Reached XP level 2. HP: 13/13 MP: 6/6
   204 | D:1      | Learned a level 2 spell: Ensorcelled Hibernation
   767 | D:1      | Reached skill level 5 in Stealth
  1020 | D:2      | Reached XP level 3. HP: 16/16 MP: 8/8
  1257 | D:2      | Noticed Jessica
  1259 | D:2      | Killed Jessica
  1259 | D:2      | Reached skill level 6 in Stealth
  1259 | D:2      | Reached XP level 4. HP: 21/21 MP: 6/9
  1331 | D:2      | Noticed Ijyb
  1393 | D:2      | Killed Ijyb
  1866 | D:2      | Reached skill level 1 in Ice Magic
  1866 | D:2      | Reached XP level 5. HP: 24/24 MP: 6/11
  2715 | D:3      | Reached skill level 7 in Stealth
  3321 | D:4      | Reached XP level 6. HP: 29/29 MP: 5/12
  3628 | D:4      | Found a staircase to the Ecumenical Temple.
  3653 | D:4      | Learned a level 3 spell: Confuse
  3692 | Temple   | Entered the Ecumenical Temple
  4020 | D:4      | Noticed Trampli's ghost (novice GrFi)
  4429 | D:5      | Entered Level 5 of the Dungeon
  4563 | D:5      | Reached skill level 1 in Fighting
  4563 | D:5      | Reached skill level 1 in Armour
  4563 | D:5      | Reached skill level 8 in Stealth
  4563 | D:5      | Reached skill level 5 in Hexes
  4665 | D:5      | Reached XP level 7. HP: 33/33 MP: 7/14
  5750 | D:6      | Reached skill level 9 in Stealth
  6286 | D:6      | Reached XP level 8. HP: 38/39 MP: 13/16
  6625 | D:6      | Reached skill level 10 in Stealth
  7016 | D:7      | Learned a level 3 spell: Tukima's Dance
  7075 | D:7      | Reached skill level 11 in Stealth
  7075 | D:7      | Reached skill level 5 in Spellcasting
  7531 | D:7      | Reached XP level 9. HP: 43/43 MP: 17/17
  7835 | D:8      | Reached skill level 12 in Stealth
  7870 | D:8      | Found a burning altar of Makhleb.
  8086 | D:8      | Found a staircase to the Lair.
  8087 | D:8      | Noticed an elephant
  8105 | D:8      | Killed an elephant
  8165 | D:8      | Reached skill level 13 in Stealth
  9069 | D:8      | Found Amupne's Food Shoppe.
  9175 | D:8      | Found a sacrificial altar of Ru.
  9177 | D:8      | Found a shattered altar of Ashenzari.
  9177 | D:8      | Found a white marble altar of Elyvilon.
  9187 | D:8      | Became a worshipper of Ashenzari the Shackled
  9366 | D:9      | Found a staircase to the Orcish Mines.
  9416 | D:9      | Reached skill level 5 in Short Blades
  9492 | D:8      | Reached XP level 10. HP: 29/49 MP: 3/20
  9794 | D:9      | Reached skill level 1 in Shields
  9842 | D:9      | Identified the cursed +0 dagger of Xom {venom, Int+4} (You took it off an orc on level 9 of the Dungeon)
 10261 | D:9      | Found an iron altar of Okawaru.
 10340 | D:9      | Found an ancient bone altar of Kikubaaqudgha.
 10443 | D:8      | Reached skill level 14 in Stealth
 11302 | D:10     | Entered Level 10 of the Dungeon
 11599 | D:10     | Reached * piety under Ashenzari
 11972 | D:10     | Learned a level 2 spell: Blink
 11975 | D:10     | Learned a level 2 spell: Call Imp
 12342 | D:4      | Killed Trampli's ghost
 12641 | D:11     | Reached skill level 15 in Stealth
 12862 | D:11     | Noticed an ettin
 12868 | D:11     | Killed an ettin
 12868 | D:11     | Reached XP level 11. HP: 54/54 MP: 12/22
 13144 | D:11     | Noticed a seven-headed hydra
 13151 | D:11     | Killed a seven-headed hydra
 13151 | D:11     | Reached skill level 5 in Fighting
 13579 | D:11     | Noticed a frost giant
 13631 | D:11     | Killed from afar by a frost giant

Skill      XL: |  1  2  3  4  5  6  7  8  9 10 11 |
---------------+----------------------------------+-----
Hexes          | 4 5 6 7 |  7.2
Stealth        | 5 6 7 8 9 11 13 15 | 15.5
Spellcasting   | 3 4 5 6 7 |  7.1
Ice Magic      | 1 2 3 |  3.7
Short Blades   | 2 3 4 5 6 |  6.6
Fighting       | 1 2 3 4 5 |  5.0
Armour         | 1 2 3 4 |  4.7
Dodging        | 4 |  4.7
Shields        | 1 |  1.3

Action                   |  1- 3 |  4- 6 |  7- 9 | 10-12 || total
-------------------------+-------+-------+-------+-------++-------
Melee: Dagger            |    45 |   136 |   265 |   184 ||   630
 Cast: Ensorcelled Hiber |    15 |    65 |   120 |   120 ||   320
       Confuse           |       |     8 |    15 |    13 ||    36
       Tukima's Dance    |       |       |     3 |     1 ||     4
Invok: Curse Item        |       |       |     2 |       ||     2
       Scrying           |       |       |       |     1 ||     1
  Use: Scroll            |     1 |    15 |     4 |     2 ||    22
       Potion            |       |     1 |     1 |       ||     2
 Stab: Sleeping          |    20 |    41 |    87 |    73 ||   221
       Distracted        |     1 |       |     2 |     3 ||     6
       Confused          |       |     4 |     6 |     8 ||    18
  Eat: Bread ration      |       |     1 |     1 |     1 ||     3
       Fruit             |       |       |     2 |       ||     2
       Royal jelly       |       |       |     1 |       ||     1
Armor: Robe              |     9 |    14 |    19 |    16 ||    58
Dodge: Dodged            |    24 |   128 |   164 |   130 ||   446
Block: Buckler           |       |     2 |    77 |    63 ||   142
